Unix NetHack Version 3.7.0-90 Work-in-progress - last build Dec 4 2023 15:25:40 (a4ad6ea61a8c493010e15c9251bbb19a34919cb7,branch:master). Game began 2023-12-06 09:40:15, ended 2023-12-06 09:50:36. elenmirie, neutral female human Priestess ----- |.^..#### ------------ |...| ###...........+ |....#####|.........<| ----- #|..........| #|..`.......| #|........... #|..........| #------------ % #################@## # Elenmirie the Acolyte St:14 Dx:15 Co:13 In:9 Wi:18 Ch:9 Neutral Dlvl:5 $:492 HP:0(30) Pw:5(34) AC:6 Xp:3/73 T:2068 Latest messages: You miss the iguana. The iguana bites! You miss the iguana. The iguana bites! You miss the iguana. The iguana bites! You kill the iguana! You descend the stairs. You see here an uncursed silver wand. B - an uncursed silver wand. What do you want to write with? [- axB or ?*] - You write in the dust with your fingertip. What do you want to write in the dust here? x What do you want to write with? [- axB or ?*] ? Do you want to add to the current engraving? [ynq] (y) n You wipe out the message that was written in the dust here. You write in the dust with an uncursed silver wand. What do you want to write in the dust here? x The bugs on the floor slow down! What do you want to call? [iwyB or ?*] ? Call a silver wand: slow You kill the coyote! You see here an uncursed ruby potion. A board beneath you squeaks an A note loudly. C - an uncursed ruby potion. A lit field surrounds you! A lit field surrounds you! A lit field surrounds you! A lit field surrounds you! You hear a nearby zap. The magic missile hits you! You destroy the orc zombie! You miss the dwarf. You miss the dwarf. The dwarf hurls a blessed puce potion! The vial crashes on your head and breaks into shards. The puce potion evaporates. Something seems to be holding you. The dwarf thrusts his dagger. The dwarf hits! The orc zombie hits! You can move again. You hear a nearby zap. The magic missile hits you! You die... Do you want your possessions identified? [ynq] (y) y Do you want to see your attributes? [ynq] (y) y Do you want an account of creatures vanquished? [ynaq] (y) y Do you want to see your conduct and achievements? [ynq] (y) y Do you want to see the dungeon overview? [ynq] (y) y Inventory: Coins $ - 492 gold pieces Weapons a - a blessed +1 mace (weapon in left hand) Armor i - an uncursed +0 orcish helm (being worn) c - an uncursed +0 small shield (being worn) b - an uncursed +0 robe (being worn) Comestibles e - an uncursed clove of garlic z - an uncursed food ration n - 2 uncursed fortune cookies f - an uncursed sprig of wolfsbane Spellbooks A - an uncursed spellbook of stone to flesh Potions C - an uncursed potion of polymorph Wands x - an uncursed wand of digging (0:4) B - an uncursed wand of slow monster (0:4) Tools w - an uncursed sack containing 7 items y - a blessed oil lamp Contents of the sack: a blessed scroll of food detection an uncursed scroll of identify an uncursed scroll of light a blessed potion of invisibility a cursed potion of paralysis a cursed potion of speed 4 potions of holy water Elenmirie the Priestess's attributes: Background: You were an Acolyte, a level 3 human Priestess. You were neutral, nominally on a mission for Ishtar who was opposed by Anu (lawful) and Anshar (chaotic). You were left-handed. You were in the Dungeons of Doom, on level 5. You entered the dungeon 2068 turns ago. You had 73 experience points, 7 more were needed to attain level 4. Basics: You had 0 out of 30 hit points. You had 5 out of 34 energy points (spell power). Your armor class was 6. Your wallet contained 492 zorkmids. Autopickup was on for '$' plus thrown. Final Characteristics: Your strength was 14 (limit:18/100). Your dexterity was 15 (limit:18). Your constitution was 13 (limit:18). Your intelligence was 9 (limit:18). Your wisdom was 18 (limit:18). Your charisma was 9 (limit:18). Final Status: You weren't hungry. You were unencumbered. You were wielding a mace. You had basic skill with mace. Final Attributes: You were devoutly aligned. You were guarded. You are dead. Miscellaneous: You never encountered a bones level. Total elapsed playing time was 10 minutes and 21 seconds. Major events: Turn 1: elenmirie the neutral human Priestess entered the dungeon 1365: attained the rank of Acolyte (level 3) 2068: killed by a magic missile zapped by a dwarf Vanquished creatures: 2 little dogs an orc zombie 2 iguanas a coyote a gnome zombie 2 geckos 3 jackals 3 goblins a grid bug 6 lichens 6 newts 28 creatures vanquished. No species were genocided or became extinct. Voluntary challenges: You were an atheist. You read items or engraved 3 times. You never engraved Elbereth. You never genocided any monsters. You never polymorphed an object. You never changed form. You used no wishes. Achievements: You entered a shop. You attained the rank of Acolyte. The Dungeons of Doom: levels 1 to 5 Level 1: An altar to Ishtar, a fountain, a sink. Level 2: A fountain, a sink, a grave. Level 3: A general store. Level 4: A grave. Level 5: <- You were here. Final resting place for you, killed by a magic missile zapped by a dwarf. Game over: ---------- / \ / REST \ / IN \ / PEACE \ / \ | elenmirie | | 492 Au | | killed by a | | magic missile | | zapped by a | | dwarf | | 2023 | *| * * * | * _________)/\\_//(\/(/\)/\//\/|_)_______ Goodbye elenmirie the Priestess... You died in The Dungeons of Doom on dungeon level 5 with 945 points, and 492 pieces of gold, after 2068 moves. You were level 3 with a maximum of 30 hit points when you died.